UAA
PAYNESVILLE PYRAMIDS @ REMSEN ALPHAS
08/16/2018
 
TOP OF THE 1ST
Paynesville Pyramids batting - Pitching for Remsen Alphas : RHP Reese Myers
Pitching: RHP Reese Myers
Batting: RHB Leonardo Ortega 0-0: Swinging Strike
0-1: Swinging Strike
0-2: Strikes out swinging
Batting: SHB Evan Adams 0-0: Ball
1-0: Swinging Strike
1-1: Ball
2-1: SINGLE (Groundball, 34D)
Batting: RHB Todd Blake 0-0: Ball
1-0: Called Strike
1-1: Called Strike
1-2: SINGLE (Groundball, 56D)
Evan Adams to second
Batting: LHB Thatcher Douglas 0-0: Ball
Evan Adams steals 3rd base
1-0: SINGLE (Groundball, 5L) (infield hit)
Evan Adams scores
Todd Blake to second
Batting: LHB José Durán 0-0: Ball
1-0: Ball
2-0: Swinging Strike
2-1: Ball
3-1: Foul Ball, location: 2F
3-2: Base on Balls
Todd Blake to third
Thatcher Douglas to second
Batting: RHB Jackson Shewman 0-0: Ball
1-0: Ball
2-0: Foul Ball, location: 2F
2-1: Foul Ball, location: 2F
2-2: Strikes out swinging
Batting: RHB Karl Stevens 0-0: Ball
1-0: Foul Ball, location: 2F
1-1: Called Strike
1-2: Strikes out swinging
Top of the 1st over - 1 run(s), 3 hit(s), 0 error(s), 3 left on base; Paynesville 1 - Remsen 0
BOTTOM OF THE 1ST
Remsen Alphas batting - Pitching for Paynesville Pyramids : LHP Víctor Sánchez
Pitching: LHP Víctor Sánchez
Batting: RHB Manuel Martínez 0-0: Ball
1-0: Ground out 4-3 (Groundball, 4)
Batting: LHB Keith Alexander 0-0: Swinging Strike
0-1: Foul Ball, location: 2F
0-2: Strikes out looking
Batting: SHB Cliff Hale 0-0: Ball
1-0: Ball
2-0: Swinging Strike
2-1: Foul Ball, location: 2F
2-2: Ground out 5-3 (Groundball, 5L)
Bottom of the 1st over - 0 run(s), 0 hit(s), 0 error(s), 0 left on base; Paynesville 1 - Remsen 0
TOP OF THE 2ND
Paynesville Pyramids batting - Pitching for Remsen Alphas : RHP Reese Myers
Batting: RHB Chris Teague 0-0: Foul Ball, location: 2F
0-1: Ball
1-1: Called Strike
1-2: Strikes out swinging
Batting: RHB William Williams 0-0: SINGLE (Groundball, 6)
Batting: RHB Leonardo Ortega 0-0: Ball
1-0: Called Strike
1-1: Grounds into double play, 4-6-3 (Groundball, 4)
Top of the 2nd over - 0 run(s), 1 hit(s), 0 error(s), 0 left on base; Paynesville 1 - Remsen 0
BOTTOM OF THE 2ND
Remsen Alphas batting - Pitching for Paynesville Pyramids : LHP Víctor Sánchez
Batting: LHB Félix López 0-0: Foul Ball, location: 2F
0-1: SINGLE (Line Drive, 7LM)
Batting: RHB Rafael Herrera 0-0: Ball
1-0: Ball
2-0: Ball
3-0: Base on Balls
Félix López to second
Batting: RHB Luke Turner 0-0: Called Strike
0-1: DOUBLE (Flyball, 78M)
Félix López scores
Rafael Herrera to third
Batting: SHB Antonio Vaccarini 0-0: Called Strike
0-1: Called Strike
0-2: Ball
1-2: Ball
2-2: Ball
3-2: Strikes out looking
Batting: RHB José Magana 0-0: Ball
1-0: Ball
2-0: Ball
3-0: Called Strike
3-1: Ground out 6-3 (Groundball, 6)
Rafael Herrera scores
Batting: RHB Bert Motevassel 0-0: Swinging Strike
0-1: Ball
1-1: Ball
2-1: Swinging Strike
2-2: Strikes out swinging
Bottom of the 2nd over - 2 run(s), 2 hit(s), 0 error(s), 1 left on base; Paynesville 1 - Remsen 2
TOP OF THE 3RD
Paynesville Pyramids batting - Pitching for Remsen Alphas : RHP Reese Myers
Batting: SHB Evan Adams 0-0: Ball
1-0: Ball
2-0: Called Strike
2-1: Foul Ball, location: 2F
2-2: SINGLE (Groundball, 3L)
Batting: RHB Todd Blake 0-0: Ball
1-0: Ball
2-0: Ball
3-0: Called Strike
3-1: Called Strike
3-2: Grounds into double play, 5-4-3 (Groundball, 56)
Batting: LHB Thatcher Douglas 0-0: Called Strike
0-1: Ground out 3-1 (Groundball, 34S)
Top of the 3rd over - 0 run(s), 1 hit(s), 0 error(s), 0 left on base; Paynesville 1 - Remsen 2
BOTTOM OF THE 3RD
Remsen Alphas batting - Pitching for Paynesville Pyramids : LHP Víctor Sánchez
Batting: RHB Manuel Martínez 0-0: Ball
1-0: Ball
2-0: Called Strike
2-1: Fly out, F8 (Flyball, 8LM)
Batting: LHB Keith Alexander 0-0: Called Strike
0-1: Ball
1-1: Ground out 4-3 (Groundball, 4)
Batting: SHB Cliff Hale 0-0: Swinging Strike
0-1: Called Strike
0-2: Ball
1-2: Strikes out swinging
Bottom of the 3rd over - 0 run(s), 0 hit(s), 0 error(s), 0 left on base; Paynesville 1 - Remsen 2
TOP OF THE 4TH
Paynesville Pyramids batting - Pitching for Remsen Alphas : RHP Reese Myers
Batting: LHB José Durán 0-0: Ball
1-0: SINGLE (Flyball, 8LS)
Batting: RHB Jackson Shewman 0-0: Called Strike
0-1: Ball
1-1: Ball
2-1: Called Strike
2-2: Strikes out swinging
Batting: RHB Karl Stevens 0-0: Ball
1-0: Foul Ball, location: 2F
1-1: Foul Ball, location: 2F
1-2: Ball
2-2: Ball
3-2: Base on Balls
José Durán to second
Batting: RHB Chris Teague 0-0: Ball
1-0: Called Strike
1-1: Ball
2-1: Fly out, F9 (Flyball, 9LS)
Batting: RHB William Williams 0-0: SINGLE (Groundball, 6M)
José Durán to third
Karl Stevens to second
Runner from 3rd tries for Home, SAFE, no throw or cutoff
Batting: RHB Leonardo Ortega 0-0: Ball
1-0: Ball
2-0: Ball
3-0: Called Strike
3-1: Called Strike
3-2: Foul Ball, location: 2F
3-2: Fly out, F9 (Flyball, 89M)
Top of the 4th over - 1 run(s), 2 hit(s), 0 error(s), 2 left on base; Paynesville 2 - Remsen 2
BOTTOM OF THE 4TH
Remsen Alphas batting - Pitching for Paynesville Pyramids : LHP Víctor Sánchez
Batting: LHB Félix López 0-0: Ball
1-0: Ball
2-0: Ball
3-0: Called Strike
3-1: Base on Balls
Batting: RHB Rafael Herrera 0-0: Ground out 5-3 (Groundball, 5S)
Félix López to second
Batting: RHB Luke Turner 0-0: Foul Ball, location: 2F
0-1: Called Strike
0-2: Fly out, F5 (Popup, 25)
Batting: SHB Antonio Vaccarini 0-0: Ball
1-0: Ground out 4-3 (Groundball, 4S)
Bottom of the 4th over - 0 run(s), 0 hit(s), 0 error(s), 1 left on base; Paynesville 2 - Remsen 2
TOP OF THE 5TH
Paynesville Pyramids batting - Pitching for Remsen Alphas : RHP Reese Myers
Batting: SHB Evan Adams 0-0: Ball
1-0: Foul Ball, location: 2F
1-1: Called Strike
1-2: DOUBLE (Line Drive, 9LM)
Batting: RHB Todd Blake 0-0: Ball
1-0: Ball
2-0: Ground out 4-3 (Groundball, 4)
Evan Adams to third
Batting: LHB Thatcher Douglas 0-0: Called Strike
0-1: Ball
1-1: Fly out, F8 (Flyball, 8LS)
Batting: LHB José Durán 0-0: Ball
1-0: Ball
2-0: Ground out 6-3 (Groundball, 6M)
Top of the 5th over - 0 run(s), 1 hit(s), 0 error(s), 1 left on base; Paynesville 2 - Remsen 2
BOTTOM OF THE 5TH
Remsen Alphas batting - Pitching for Paynesville Pyramids : LHP Víctor Sánchez
Batting: RHB José Magana 0-0: Called Strike
0-1: Foul Ball, location: 2F
0-2: Foul Ball, location: 2F
0-2: Foul Ball, location: 2F
0-2: Strikes out swinging
Batting: RHB Bert Motevassel 0-0: Ball
1-0: Fly out, F6 (Line Drive, 56)
Batting: RHB Manuel Martínez 0-0: Fly out, F8 (Flyball, 8RM)
Bottom of the 5th over - 0 run(s), 0 hit(s), 0 error(s), 0 left on base; Paynesville 2 - Remsen 2
TOP OF THE 6TH
Paynesville Pyramids batting - Pitching for Remsen Alphas : RHP Reese Myers
Batting: RHB Jackson Shewman 0-0: Foul Ball, location: 2F
0-1: Ball
1-1: Ball
2-1: Fly out, F6 (Popup, 6M)
Batting: RHB Karl Stevens 0-0: Ball
1-0: Foul Ball, location: 2F
1-1: Ball
2-1: Called Strike
2-2: SINGLE (Groundball, 3L)
Batting: RHB Chris Teague 0-0: Ball
1-0: Swinging Strike
1-1: Swinging Strike
1-2: Ball
2-2: Strikes out swinging
Pitching: RHP James Johnson
Batting: RHB William Williams 0-0: Ball
1-0: Ball
2-0: Foul Ball, location: 2F
2-1: Fly out, F4 (Line Drive, 4)
Top of the 6th over - 0 run(s), 1 hit(s), 0 error(s), 1 left on base; Paynesville 2 - Remsen 2
BOTTOM OF THE 6TH
Remsen Alphas batting - Pitching for Paynesville Pyramids : LHP Víctor Sánchez
Batting: LHB Keith Alexander 0-0: Called Strike
0-1: Ball
1-1: Foul Ball, location: 2F
1-2: SINGLE (Line Drive, 8RS)
Batting: SHB Cliff Hale 0-0: Ball
1-0: Fly out, F9 (Flyball, 9M)
Batting: LHB Félix López 0-0: Ball
1-0: SINGLE (Line Drive, 7S)
Keith Alexander to second
Batting: RHB Rafael Herrera 0-0: Called Strike
0-1: Foul Ball, location: 2F
0-2: Fly out, F9 (Popup, 9LS)
Batting: RHB Luke Turner 0-0: Called Strike
0-1: Foul Ball, location: 2F
0-2: Foul Ball, location: 2F
0-2: Ball
1-2: Foul Ball, location: 2F
1-2: Foul Ball, location: 2F
1-2: Foul Ball, location: 2F
1-2: Reached on error, E2 (Groundball, 23)
Keith Alexander scores
Félix López to third
Batting: SHB Antonio Vaccarini 0-0: Called Strike
0-1: Called Strike
0-2: Ball
1-2: Ball
2-2: Strikes out swinging
Bottom of the 6th over - 1 run(s), 2 hit(s), 1 error(s), 2 left on base; Paynesville 2 - Remsen 3
TOP OF THE 7TH
Paynesville Pyramids batting - Pitching for Remsen Alphas : RHP James Johnson
Batting: RHB Leonardo Ortega 0-0: Foul Ball, location: 2F
0-1: Swinging Strike
0-2: Ball
1-2: Ball
2-2: Strikes out looking
Batting: SHB Evan Adams 0-0: Foul Ball, location: 2F
0-1: Foul Ball, location: 2F
0-2: Foul Ball, location: 2F
0-2: Fly out, F8 (Flyball, 8RS)
Batting: RHB Todd Blake 0-0: Called Strike
0-1: Called Strike
0-2: Ball
1-2: Ball
2-2: Ball
3-2: Base on Balls
Pinch Hitting: RHB Justin Miles 0-0: Ball
1-0: Ball
2-0: Ball
3-0: Called Strike
3-1: Called Strike
3-2: Base on Balls
Todd Blake to second
Pinch Hitting: LHB Jim Unknown 0-0: Called Strike
0-1: Foul Ball, location: 2F
0-2: Ball
1-2: Foul Ball, location: 2F
1-2: Ball
2-2: Ball
3-2: Base on Balls
Todd Blake to third
Justin Miles to second
Batting: RHB Jackson Shewman 0-0: Ball
1-0: Called Strike
1-1: Foul Ball, location: 2F
1-2: Foul Ball, location: 2F
1-2: Ball
2-2: Strikes out swinging
Top of the 7th over - 0 run(s), 0 hit(s), 0 error(s), 3 left on base; Paynesville 2 - Remsen 3
BOTTOM OF THE 7TH
Remsen Alphas batting - Pitching for Paynesville Pyramids : LHP Víctor Sánchez
Now at 2B: Larry Bryant
Now in LF: Jim Unknown
Batting: RHB José Magana 0-0: Called Strike
0-1: Ball
1-1: DOUBLE (Line Drive, 78M)
Pinch Hitting: LHB Jim Unknown 0-0: Intentional Walk
Batting: RHB Manuel Martínez 0-0: Foul Ball, location: 2F
0-1: Called Strike
0-2: Foul Ball, location: 2F
0-2: Fielders Choice at 2nd, 6-4 (Groundball, 6)
José Magana to third
Pinch Hitting: RHB Jim Unknown 0-0: Ball
1-0: Ball
2-0: Called Strike
2-1: Ball
3-1: SINGLE (Groundball, 56D)
José Magana scores
Manuel Martínez to second
Pinch Hitting: RHB Keith Blackwell 0-0: Ball
1-0: Called Strike
1-1: Ball
2-1: Ball
3-1: Base on Balls
Manuel Martínez to third
Jim Unknown to second
Pitching: LHP Jon Hall
Batting: LHB Félix López 0-0: Grounds into double play, 4-6-3 (Groundball, 4)
Bottom of the 7th over - 1 run(s), 2 hit(s), 0 error(s), 2 left on base; Paynesville 2 - Remsen 4
TOP OF THE 8TH
Paynesville Pyramids batting - Pitching for Remsen Alphas : RHP James Johnson
Now at SS: Keith Blackwell
Now in LF: Jim Unknown
Now in RF: Jim Unknown
Batting: RHB Karl Stevens 0-0: Ball
1-0: Foul Ball, location: 2F
1-1: Called Strike
1-2: Foul Ball, location: 2F
1-2: Strikes out looking
Batting: RHB Chris Teague 0-0: Fly out, F8 (Flyball, 8LS)
Pitching: RHP Bobby Swain
Batting: RHB William Williams 0-0: Foul Ball, location: 2F
0-1: Ball
1-1: Ball
2-1: SOLO HOME RUN (Flyball, 78XD), Distance : 380 ft
Batting: RHB Leonardo Ortega 0-0: Ball
1-0: Foul Ball, location: 2F
1-1: Ball
2-1: Foul Ball, location: 2F
2-2: Ball
3-2: Strikes out swinging
Top of the 8th over - 1 run(s), 1 hit(s), 0 error(s), 0 left on base; Paynesville 3 - Remsen 4
BOTTOM OF THE 8TH
Remsen Alphas batting - Pitching for Paynesville Pyramids : LHP Jon Hall
Batting: RHB Rafael Herrera 0-0: Ball
1-0: Foul Ball, location: 2F
1-1: Ball
2-1: Called Strike
2-2: Strikes out swinging
Batting: RHB Luke Turner 0-0: Ball
1-0: Ball
2-0: Ball
3-0: Called Strike
3-1: Base on Balls
Batting: SHB Antonio Vaccarini 0-0: Called Strike
0-1: Ball
1-1: Ball
2-1: Fly out, F7 (Flyball, 7M)
Pinch Hitting: LHB Carlton Little 0-0: Ball
1-0: Called Strike
1-1: Ball
2-1: Ball
Passed Ball!
Luke Turner to second
3-1: SINGLE (Flyball, 8RS)
Luke Turner to third
Runner from 3rd tries for Home, SAFE, no throw or cutoff
Batting: LHB Jim Unknown 0-0: Called Strike
0-1: Ball
1-1: Foul Ball, location: 2F
1-2: Foul Ball, location: 2F
1-2: Fly out, F5 (Popup, 5SF)
Bottom of the 8th over - 1 run(s), 1 hit(s), 0 error(s), 1 left on base; Paynesville 3 - Remsen 5
TOP OF THE 9TH
Paynesville Pyramids batting - Pitching for Remsen Alphas : RHP Bobby Swain
Pitching: LHP Frenk Norman
Now at 1B: Justin Rigney
Batting: SHB Evan Adams 0-0: Ball
1-0: Foul Ball, location: 2F
1-1: Foul Ball, location: 2F
1-2: Ball
2-2: Foul Ball, location: 2F
2-2: Foul Ball, location: 2F
2-2: Ball
3-2: Base on Balls
Batting: RHB Todd Blake 0-0: Ball
1-0: Ball
2-0: Ball
3-0: Called Strike
3-1: Ground out 5-3 (Groundball, 5S)
Evan Adams to second
Pinch Hitting: RHB Dave Robertson 0-0: Ball
1-0: Foul Ball, location: 2F
1-1: Foul Ball, location: 2F
1-2: Ball
2-2: Ground out 1-3 (Groundball, 13S)
Evan Adams to third
Batting: LHB Jim Unknown 0-0: Ball
1-0: Called Strike
1-1: Foul Ball, location: 2F
1-2: Ground out 5-3 (Groundball, 5S)
Top of the 9th over - 0 run(s), 0 hit(s), 0 error(s), 1 left on base; Paynesville 3 - Remsen 5
This league is powered by Out of the Park Baseball, the baseball management simulation game for PC, Mac and Linux
Monday, May 4th, 2015 - OOTP Baseball 15.6 Build 34